 Dungeon Crawl Stone Soup version 0.31-a0-523-g071a6c1ffa (webtiles) character file.

Game seed: 14793419709663388363

480 pokeman the Magician (level 6, -1/34 HPs)
             Began as a Deep Elf Hedge Wizard on Aug 12, 2023.
             Was a Follower of Vehumet.
             Slain by an orc warrior
             ... wielding a +0 trident
              (13 damage)
             ... on level 5 of the Dungeon.
             The game lasted 00:08:35 (4747 turns).

pokeman the Magician (Deep Elf Hedge Wizard)        Turns: 4747, Time: 00:08:36

Health: -1/34      AC:  5    Str:  7    XL:     6   Next: 86%
Magic:  13/18      EV: 18    Int: 21    God:    Vehumet [*.....]
Gold:   91         SH:  0    Dex: 14    Spells: 12/20 levels left

rFire   . . .        c - +2 hand axe (heavy)
rCold   . . .        (no shield)
rNeg    . . .        b - +0 robe
rPois   .            s - +0 helmet
rElec   .            n - +0 cloak
rCorr   .            t - +0 pair of gloves
SInv    .            (no boots)
Will    .....        (no amulet)
Stlth   ++           p - +5 ring of evasion
HPRegen 0.25/turn    (no ring)
MPRegen 0.16/turn

%: no passive effects
@: no status effects
A: no striking features
a: Renounce Religion


You were on level 5 of the Dungeon.
You worshipped Vehumet.
Vehumet was aware of your devotion.
You visited 2 branches of the dungeon, and saw 6 of its levels.

You collected 91 gold pieces.

Inventory:

Hand Weapons
 c - a +2 heavy hand axe (weapon)
Armour
 b - a +0 robe (worn)
 n - a +0 cloak (worn)
 s - a +0 helmet (worn)
 t - a +0 pair of gloves (worn)
Magical Staves
 i - a staff of fire
Jewellery
 o - a ring of ice
 p - a +5 ring of evasion (left hand)
Wands
 w - a wand of polymorph (10)
Scrolls
 g - 2 scrolls of fog {unknown}
 h - a scroll of immolation {unknown}
 j - 2 scrolls of teleportation {unknown}
 k - a scroll of vulnerability {unknown}
 l - 2 scrolls of poison {unknown}
 m - a scroll of torment {unknown}
 q - 2 scrolls of identify {unknown}
 r - a scroll of enchant armour {unknown}
 u - 2 scrolls of revelation {unknown}
 v - a scroll of fear {unknown}
Potions
 a - a potion of attraction {unknown}
 d - a potion of magic
 e - a potion of curing {unknown}
 f - a potion of haste {unknown}
 x - a potion of might {unknown}


   Skills:
 - Level 1.0 Fighting
 - Level 1.0 Armour
 - Level 4.0 Dodging
 - Level 3.0 Stealth
 * Level 7.5 Spellcasting
 + Level 3.5 Conjurations
 - Level 1.1 Summonings
 - Level 1.1 Translocations
 + Level 0.2 Fire Magic
 + Level 0.9 Air Magic
 - Level 1.0 Poison Magic
 - Level 1.2 Evocations


You had 12 spell levels left.
You knew the following spells:

 Your Spells              Type           Power      Damage    Failure   Level
a - Magic Dart            Conj           88%        1d7       1%          1
b - Mephitic Cloud        Conj/Pois/Air  15%        N/A       12%         3
c - Call Imp              Summ           24%        N/A       9%          2
d - Blink                 Tloc           24%        N/A       9%          2

Your spell library contained the following spells:

 Spells                   Type           Power      Damage    Failure   Level
 Sandblast                Erth           14%        2d6       9%          1
 Apportation              Tloc           24%        N/A       5%          1
 Slow                     Hex            28%        N/A       9%          1
 Cigotuvi's Dreadful Rot  Necr/Pois/Air  20%        N/A       10%         2
 Confusing Touch          Hex            7%         N/A       26%         3
 Tukima's Dance           Hex            7%         N/A       26%         3
 Vampiric Draining        Necr           7%         2d6       26%         3
 Passage of Golubria      Tloc           12%        N/A       47%         4
 Summon Forest            Summ/Tloc      6%         N/A       83%         5
 Alistair's Intoxication  Tmut/Pois      6%         N/A       88%         5
 Yara's Violent Unravell  Hex/Tmut       3%         3d4       93%         5
 Eringya's Noxious Bog    Tmut/Pois      5%         4d6       100%        6
 Summon Hydra             Summ           6%         N/A       100%        7


Dungeon Overview and Level Annotations

Branches:
Dungeon (5/15)             Temple (1/1) D:4

Altars:
Ashenzari
Cheibriados
Dithmenos
Elyvilon
Gozag
Hepliaklqana
Kikubaaqudgha
Makhleb
Nemelex Xobeh
Okawaru
Qazlal
Ru
Sif Muna
Trog
Uskayaw
Vehumet
Wu Jian
Xom
Yredelemnul
Zin

Shops:
D:3 [


Message History

The orc wizard appears confused.
Unknown command.
Unknown command.
Unknown command.
The orc wizard is engulfed in noxious fumes.
The orc wizard appears confused.
The orc wizard is engulfed in noxious fumes.
The orc wizard appears confused.
The orc wizard closely misses something.
The orc wizard barely misses itself.
Something hits the orc wizard but does no damage.
The orc wizard is engulfed in noxious fumes.
The orc wizard appears confused.
Something hits the orc wizard.
The orc warrior misses you.
Unknown command.
Unknown command.
You slash the orc wizard!
The orc wizard is severely wounded.
You hit the orc warrior but do no damage.
The orc wizard is engulfed in noxious fumes.
The orc wizard appears confused.
The orc wizard barely misses something.
The orc wizard is engulfed in noxious fumes. x2
The orc warrior barely misses something.
Unknown command.
You barely miss the orc warrior.
The orc warrior is heavily wounded.
You closely miss something.
The orc warrior seems less confused.
The orc warrior misses you. Something hits you but does no damage.
The orc warrior hits you with a +0 trident.
Unknown command.
Unknown command.
You slash the orc warrior!
The orc warrior is almost dead.
You barely miss something.
The orc wizard barely misses itself.
Something completely misses you.
The orc warrior hits you with a +0 trident!
The orc wizard hits the orc warrior with a +0 dagger.
The orc wizard hits itself with a +0 dagger.
The orc warrior hits you with a +0 trident!
You die...

#....###...#.#.#.#.#.#.#.#.#..
#....###....#.#.#.#.#.#.#.#...
#......#......#.#.#.#.#.#.#....
#......#.......#.#.#.#.#.#....[
#......+........#.#.#.#.#......
#........#.#.#.#.......
##....o....#.#.#.....###
.......?....#.#......#
......o@.....#.......#
.....)o..............#
###+#######..........#
...).............#
...................
............#+###...
............+ ... ............#
##.....######


You could see an orc warrior and 2 orc wizards.

Vanquished Creatures
  An ice beast (D:4)
  A jelly (D:4)
  3 hounds
  Jessica (D:3)
  An iguana (D:4)
  5 adders
  3 worms
  A dart slug (D:2)
  5 orcs
  11 ball pythons
  3 bats (D:1)
  6 endoplasms
  4 giant cockroaches
  4 goblins
  13 hobgoblins
  4 jackals
  5 kobolds
  4 quokkas
  4 frilled lizards
  5 rats
84 creatures vanquished.

Vanquished Creatures (collateral kills)
  An ogre (D:4)
  An orc (D:4)
  A hobgoblin (D:2)
3 creatures vanquished.

Grand Total: 87 creatures vanquished

Notes
Turn   | Place    | Note
-------+----------+-------------------------------------------
     0 | D:1      | pokeman the Deep Elf Hedge Wizard began the quest for the
                  | Orb.
     0 | D:1      | Reached XP level 1. HP: 10/10 MP: 7/7
   189 | D:1      | Reached XP level 2. HP: 15/16 MP: 1/9
   780 | D:1      | Reached skill level 5 in Spellcasting
  1143 | D:2      | Reached XP level 3. HP: 20/20 MP: 9/11
  1147 | D:2      | Learned a level 3 spell: Mephitic Cloud
  1150 | D:2      | Learned a level 2 spell: Call Imp
  1153 | D:2      | Learned a level 2 spell: Blink
  1409 | D:2      | Reached skill level 1 in Fighting
  1409 | D:2      | Reached skill level 1 in Armour
  1820 | D:2      | Reached XP level 4. HP: 25/25 MP: 8/13
  1936 | D:2      | Found a faded altar of an unknown god.
  2501 | D:3      | Found Wylumi's Antique Armour Shop.
  2914 | D:3      | Noticed Jessica
  2921 | D:3      | Killed Jessica
  3429 | D:4      | Found a staircase to the Ecumenical Temple.
  3440 | Temple   | Entered the Ecumenical Temple
  3459 | Temple   | Became a worshipper of Vehumet
  3494 | D:4      | Reached skill level 6 in Spellcasting
  3494 | D:4      | Reached XP level 5. HP: 6/29 MP: 7/15
  3637 | D:4      | Noticed an ogre
  3644 | D:4      | HP: 1/29 [ogre/+0 giant club (28)]
  3691 | D:4      | Killed an ogre
  3692 | D:4      | Reached skill level 1 in Evocations
  3790 | D:4      | Noticed an ice beast
  3809 | D:4      | Killed an ice beast
  3810 | D:4      | Reached skill level 7 in Spellcasting
  3810 | D:4      | Reached XP level 6. HP: 21/34 MP: 9/18
  3973 | D:4      | Reached skill level 1 in Poison Magic
  4300 | D:4      | Reached * piety under Vehumet
  4300 | D:4      | Offered knowledge of Sandblast by Vehumet.
  4561 | D:5      | Entered Level 5 of the Dungeon
  4718 | D:5      | Noticed an orc warrior
  4747 | D:5      | Slain by an orc warrior

Illustrated notes

Levels and vault maps discovered:
D:1:      minmay_arrival_doors, layout_basic
D:2:      layout_basic, shapermc_ecumenical_altar_ellora,
          chequers_serial_rivers_micro_d, kennysheep_donut,
          kennysheep_cluttered_room
D:3:      layout_loops_ring, serial_shops, nicolae_shop_gibbet_a_chance,
          uniq_jessica
D:4:      layout_loops_ring, minmay_temple_entry_mist, minmay_tree_intersection
D:5:      cheibrodos_quashed, layout_gridville, nicolae_hexahallways,
          nicolae_the_louvre
Temple:   nicolae_temple_slightly_damp_pantheon

Skill      XL: |  1  2  3  4  5  6 |
---------------+-------------------+-----
Spellcasting   | 5 6 7 |  7.5
Fighting       | 1 |  1.0
Armour         | 1 |  1.0
Conjurations   | 2 3 |  3.5
Stealth        | 3 |  3.0
Dodging        | 3 4 |  4.0
Evocations     | 1 |  1.2
Poison Magic   | 1 |  1.0
Summonings     | |  1.1
Translocations | |  1.1
Fire Magic     | |  0.2
Air Magic      | |  0.9

Action                     |  1- 3 |  4- 6 || total
---------------------------+-------+-------++-------
  Melee: Dagger            |    23 |     8 ||    31
         Hand axe          |       |    21 ||    21
   Cast: Magic Dart        |   108 |   115 ||   223
         Call Imp          |     2 |     6 ||     8
         Mephitic Cloud    |     1 |     9 ||    10
         Blink             |       |     1 ||     1
   Stab: Distracted        |       |     1 ||     1
         Confused          |       |     1 ||     1
 Armour: Robe              |     8 |    12 ||    20
  Dodge: Dodged            |    27 |    50 ||    77

Table legend: (Time is in decaauts)
 A = Elapsed time spent in this place.
 B = Non-inter-level travel time spent in this place.
 C = Inter-level travel time spent in this place.
 D = Time resting spent in this place.
 E = Time spent auto-exploring this place.
 F = Levels seen in this place.
 G = Mean time per level.
                   A        B        C        D        E       F      G
               +--------+--------+--------+--------+--------+-----+--------+
         Total |   4767 |   4683 |     84 |      0 |   4003 |   6 |  794.5 |
       Dungeon |   4728 |   4680 |     48 |      0 |   4003 |   5 |  945.6 |
        Temple |     38 |      2 |     36 |      0 |      0 |   1 |   38.0 |
               +--------+--------+--------+--------+--------+-----+--------+

Top non-repeatable levels by time:
     D:2: 1424 daAuts
     D:4: 1151 daAuts
     D:1: 1038 daAuts
     D:3: 926 daAuts
     D:5: 188 daAuts
  Temple: 38 daAuts
